 Dungeon Crawl Stone Soup version 0.22-a0-252-gcace5d2 (webtiles) character file.

12565 Zwobot the Slicer (level 11, -1/87 HPs)
             Began as a Demonspawn Necromancer on Mar 1, 2018.
             Was a Believer of Ashenzari.
             Slain by a six-headed hydra (12 damage)
             ... on level 1 of the Lair of Beasts.
             The game lasted 01:03:17 (12470 turns).

Zwobot the Slicer (Demonspawn Necromancer)         Turns: 12470, Time: 01:03:18

Health: -1/87      AC:  8    Str: 10    XL:     11   Next: 64%
Magic:  25/28      EV: 16    Int: 18    God:    Ashenzari [**....]
Gold:   404        SH:  0    Dex: 14    Spells: 4/20 levels left

rFire    . . .     SeeInvis .   t - +2 short sword (drain) (curse)
rCold    + . .     Gourm    .   (no shield)
rNeg     . . .     Faith    .   a - +0 robe
rPois    +         Spirit   .   (helmet restricted)
rElec    .         Reflect  .   A - +0 cloak
rCorr    .         Harm     .   K - +0 pair of gloves
MR       .....     Clarity  +   (no boots)
Stlth    ++........             (no amulet)
HPRegen  0.24/turn              C - ring of magical power
MPRegen  0.21/turn              u - ring of poison resistance

@: no status effects
A: horns 1, talons 1, icy blue scales 3, clarity, demonic guardian 1, powered by
death 1
a: Curse Item, Scrying, Renounce Religion


You were on level 1 of the Lair of Beasts.
You worshipped Ashenzari.
Ashenzari was pleased with you.
You were not hungry.

You visited 3 branches of the dungeon, and saw 13 of its levels.
You also visited: Bailey.

You collected 584 gold pieces.
You spent 180 gold pieces at shops.

Inventory:

Hand Weapons
 n - a +0 blowgun
 t - a cursed +2 short sword of draining (weapon)
Missiles
 b - 410 stones (quivered)
 g - 19 sling bullets
 q - 41 poisoned needles
 y - 4 javelins
 O - a throwing net
Armour
 a - a +0 robe (worn)
 m - a +0 helmet
 p - a +0 shield
 A - a +0 cloak (worn)
 K - a +0 pair of gloves (worn)
Jewellery
 u - a ring of poison resistance (right hand)
 w - an uncursed ring of resist corrosion
 x - an uncursed ring of protection from magic
 C - a ring of magical power (left hand)
 P - an uncursed ring of flight
 U - the ring "Wun Esyck" {Ice MR- Str+3 Int+7 Slay+3}
   (You found it on level 11 of the Dungeon)

   [ring of ice]

   It enhances your ice magic.
   It affects your strength (+3).
   It affects your intelligence (+7).
   It affects your accuracy and damage with ranged weapons and melee attacks
   (+3).
   It makes you vulnerable to fire.
   It protects you from cold.
   It affects your resistance to hostile enchantments.
 X - an uncursed ring of see invisible
 Y - an uncursed ring of positive energy
Wands
 v - a wand of disintegration (4)
 D - a wand of digging (5)
 I - a wand of flame (19)
 J - a wand of acid (2)
 R - a wand of enslavement (16)
Scrolls
 h - 2 scrolls of teleportation
 j - 3 scrolls of enchant weapon
 k - a scroll of blinking
 o - a scroll of random uselessness {unknown}
 z - 4 scrolls of fog
 E - 3 scrolls of fear
 F - 2 scrolls of noise {unknown}
 H - a scroll of magic mapping {unknown}
 S - 4 scrolls of remove curse
 T - a scroll of summoning {unknown}
 W - a scroll of enchant armour {unknown}
Potions
 f - 3 potions of haste
 r - 4 potions of might
 G - a potion of brilliance
 L - 2 potions of flight
 Q - 2 potions of berserk rage
 V - a potion of curing
Comestibles
 c - 17 rations
 Z - 2 chunks of flesh


   Skills:
 + Level 8.9 Fighting
 - Level 9.6(11.8) Short Blades
 + Level 7.2 Dodging
 - Level 3.3 Stealth
 + Level 5.3 Spellcasting
 + Level 0.4 Conjurations
 - Level 8.0 Necromancy
 + Level 0.3 Fire Magic
 - Level 5.3 Evocations


You had 4 spell levels left.
You knew the following spells:

 Your Spells              Type           Power        Failure   Level  Hunger
a - Pain                  Necr           ####         1%          1    None
b - Animate Skeleton      Necr           N/A          1%          1    None
c - Vampiric Draining     Necr           ####......   1%          3    ##.....
d - Animate Dead          Necr           N/A          4%          4    ####...
e - Flame Tongue          Conj/Fire      #....        11%         1    None
f - Regeneration          Chrm/Necr      ###.......   8%          3    ##.....
g - Conjure Flame         Conj/Fire      #.......     32%         3    ##.....


Dungeon Overview and Level Annotations

Branches:
Dungeon (11/15)            Temple (1/1) D:6            Lair (1/6) D:10
    Orc: D:9-12

Altars:
Ashenzari
Cheibriados
Dithmenos
Elyvilon
Fedhas
Gozag
Hepliaklqana
Kikubaaqudgha
Makhleb
Nemelex Xobeh
Okawaru
Qazlal
Ru
Sif Muna
Trog
Uskayaw
Vehumet
Wu Jian
Xom
Yredelemnul
Zin
The Shining One

Shops:
D:7 }

Annotations:
D:1 exclusion: downstairs
D:3 Amnesiac's ghost, amateur SpFi
D:4 exclusion: door, Crazy Yiuf
D:6 exclusion: phantom


Innate Abilities, Weirdness & Mutations

You have sharp toenails.
You are completely covered in icy blue scales. (AC +4, rC+)
A weak demonic guardian rushes to your aid.
You regenerate a little health from kills.
You have a pair of small horns on your head.
You possess an exceptional clarity of mind.


Message History

Aim: a six-headed hydra (almost dead, lightly drained, chance to defeat MR: 59%)
The six-headed hydra resists with significant effort.
The six-headed hydra completely misses you.
The six-headed hydra barely misses you.
The six-headed hydra bites you but does no damage.
The six-headed hydra bites you! The six-headed hydra bites you.
* * * LOW HITPOINT WARNING * * *
The six-headed hydra closely misses you.
Casting: Pain (safe; 1% risk of failure)
Confirm with . or Enter, or press ? or * to list all spells.
Aiming: Pain (safe; 1% risk of failure)
Press: ? - help, Shift-Dir - straight line, f/p - six-headed hydra
Aim: a six-headed hydra (severely wounded, lightly drained, chance to defeat MR: 59%)
The six-headed hydra resists with significant effort.
The six-headed hydra bites you!
* * * LOW HITPOINT WARNING * * *
The six-headed hydra bites you.
* * * LOW HITPOINT WARNING * * *
The six-headed hydra bites you!
You die...

#### * * ######P.#######
, ..............# , ,
..............## ,
...............#
#.................b....#
#..............D..5....#
#...............@Z5....#
#.........#######......#
..........#* #......#
#.......... #......#
.......##, * #......##
.......##. ###.......#
#.......#.P####.#......##
....#####..............#
#...## #..............#


You could see a six-headed hydra, a friendly white imp, a friendly shadow imp
and a friendly crocodile skeleton.

Vanquished Creatures
  A two-headed ogre (D:8)
  An unseen horror (D:11)
  Pikel (D:7)
  A gargoyle (D:7)
  3 komodo dragons
  2 trolls (D:9)
  3 hippogriffs
  A wyvern (D:10)
  21 yaks
  A water moccasin (Lair:1)
  Duvessa (D:7)
  A porcupine (D:10)
  3 orc warriors
  4 sky beasts
  2 black bears
  4 ice beasts
  2 slaves (D:7)
  A necrophage (D:11)
  3 ogres (D:8)
  A crocodile (Lair:1)
  5 big kobolds
  5 bullfrogs
  2 scorpions
  Dowan (D:7)
  9 killer bees
  4 wights (D:10)
  4 crimson imps
  2 jellies
  A hound (D:8)
  2 bullfrog skeletons
  A centaur skeleton (D:6)
  4 orc wizards
  3 iguanas
  4 worker ants
  Natasha (thrice) (D:4)
  6 gnolls
  18 adders
  3 shadow imps
  3 oozes
  An adder skeleton (D:9)
  3 worms (D:2)
  3 dart slugs
  3 leopard geckos
  15 orcs
  3 giant cockroaches
  12 goblins
  4 hobgoblins
  10 jackals
  2 quokkas
  3 ball pythons
  3 bats
  3 frilled lizards
  2 jackal skeletons
  19 kobolds
  A leopard gecko zombie (D:5)
  7 rats
231 creatures vanquished.

Vanquished Creatures (collateral kills)
  A two-headed ogre (D:11)
  A black mamba (Lair:1)
  A centaur skeleton (D:11)
  2 yaks
  A steam dragon (D:11)
  A hungry ghost (D:7)
  An ice beast (D:9)
  2 black bears
  An eye of draining (D:8)
  A phantom (D:7)
  An ogre (D:7)
  A bullfrog (D:7)
  A killer bee (D:11)
  A jelly (D:8)
  An orc priest (D:11)
  A worker ant (D:6)
  An adder (D:2)
  A shadow imp (D:9)
  An ooze (D:1)
  4 orcs
  A giant cockroach (D:6)
  A quokka (D:2)
  2 frilled lizards (D:2)
  7 kobolds
  A butterfly (Lair:1)
37 creatures vanquished.

Vanquished Creatures (others)
  An orc wizard (D:11)
  An orc (D:11)
  2 fungi (D:10)
4 creatures vanquished.

Grand Total: 272 creatures vanquished

Notes
Turn   | Place    | Note
-------+----------+-------------------------------------------
     0 | D:1      | Zwobot the Demonspawn Necromancer began the quest for the Orb.
     0 | D:1      | Reached XP level 1. HP: 13/13 MP: 3/3
     2 | D:1      | Learned a level 1 spell: Animate Skeleton
   371 | D:1      | Reached skill level 1 in Fighting
   502 | D:1      | Gained mutation: You are partially covered in icy blue scales. (AC +2) [demonic ancestry]
   502 | D:1      | Reached XP level 2. HP: 21/21 MP: 3/5
  1437 | D:2      | Found a sacrificial altar of Ru.
  1457 | D:2      | Reached skill level 5 in Necromancy
  1519 | D:2      | Gained mutation: You are mostly covered in icy blue scales. (AC +3) [demonic ancestry]
  1519 | D:2      | Reached XP level 3. HP: 27/27 MP: 4/6
  1751 | D:2      | Learned a level 3 spell: Vampiric Draining
  1905 | D:2      | Gained mutation: You are completely covered in icy blue scales. (AC +4, rC+) [demonic ancestry]
  1905 | D:2      | Reached XP level 4. HP: 28/34 MP: 4/7
  2105 | D:2      | Found a faded altar of an unknown god.
  2262 | D:3      | Noticed Amnesiac's ghost (amateur SpFi)
  2330 | D:3      | Found a blossoming altar of Fedhas.
  2471 | D:3      | Reached XP level 5. HP: 30/41 MP: 3/8
  2868 | D:4      | Noticed a black bear
  2909 | D:4      | Noticed Natasha
  2913 | D:4      | Killed Natasha
  2960 | D:4      | Killed a black bear
  2960 | D:4      | Reached skill level 1 in Short Blades
  2960 | D:4      | Reached XP level 6. HP: 29/47 MP: 1/9
  3012 | D:4      | Noticed Natasha
  3021 | D:4      | Killed Natasha
  3021 | D:4      | Reached skill level 2 in Short Blades
  3021 | D:4      | Noticed Natasha
  3028 | D:4      | Killed Natasha
  3362 | D:4      | Found a sparkling altar of Nemelex Xobeh.
  3622 | D:4      | Found a runed door.
  3626 | D:4      | Noticed Crazy Yiuf
  3765 | D:5      | Entered Level 5 of the Dungeon
  3822 | D:5      | Reached skill level 3 in Short Blades
  3913 | D:5      | Learned a level 4 spell: Animate Dead
  4283 | D:5      | Gained mutation: A weak demonic guardian rushes to your aid. [demonic ancestry]
  4283 | D:5      | Reached XP level 7. HP: 42/54 MP: 10/10
  5180 | D:6      | Found a hazy altar of Hepliaklqana.
  5197 | D:6      | Found a hide-covered altar of Uskayaw.
  5291 | D:6      | Found a staircase to the Ecumenical Temple.
  5298 | Temple   | Entered the Ecumenical Temple
  5397 | Temple   | Learned a level 1 spell: Flame Tongue
  5617 | Temple   | Became a worshipper of Ashenzari the Shackled
  5725 | D:7      | Reached skill level 5 in Fighting
  5863 | D:7      | Found a flagged portal.
  5876 | Bailey   | Entered a bailey
  6046 | D:7      | Found a stormy altar of Qazlal.
  6060 | D:7      | Found a deep blue altar of Sif Muna.
  6060 | D:7      | Found a radiant altar of Vehumet.
  6063 | D:7      | Found a blossoming altar of Fedhas.
  6093 | D:7      | Found Pase's Gadget Emporium.
  6101 | D:7      | Noticed a hungry ghost
  6110 | D:7      | Killed a hungry ghost
  6110 | D:7      | Gained mutation: You regenerate a little health from kills. [demonic ancestry]
  6110 | D:7      | Reached XP level 8. HP: 62/62 MP: 11/11
  6112 | D:7      | Bought a wand of acid (5) for 180 gold pieces
  6155 | D:7      | Noticed a hippogriff
  6165 | D:7      | Killed a hippogriff
  6165 | D:7      | Reached skill level 4 in Short Blades
  6239 | D:7      | Noticed a gargoyle
  6243 | D:7      | Killed a gargoyle
  6321 | D:7      | Found a shimmering altar of Xom.
  6743 | D:7      | Noticed Pikel
  6766 | D:7      | Noticed Dowan
  6767 | D:7      | Noticed Duvessa
  6776 | D:7      | Killed Duvessa
  6812 | D:7      | Killed Pikel
  6812 | D:7      | Reached skill level 5 in Short Blades
  6812 | D:7      | Gained mutation: You have sharp toenails. [demonic ancestry]
  6812 | D:7      | Reached XP level 9. HP: 66/69 MP: 11/12
  6822 | D:7      | Killed Dowan
  6948 | D:7      | Gained mutation: You possess an exceptional clarity of mind. [potion of mutation]
  6948 | D:7      | Gained mutation: You have a pair of small horns on your head. [potion of mutation]
  7763 | D:8      | Noticed a two-headed ogre
  7802 | D:8      | Killed a two-headed ogre
  7802 | D:8      | Reached skill level 6 in Short Blades
  7802 | D:8      | Reached skill level 5 in Evocations
  7853 | D:8      | Found a shimmering altar of Xom.
  7854 | D:8      | Found an ornate altar of the Wu Jian Council.
  7911 | D:8      | Reached skill level 5 in Dodging
  7951 | D:8      | Reached * piety under Ashenzari
  8045 | D:8      | Found a bloodstained altar of Trog.
  8063 | D:8      | Reached XP level 10. HP: 68/77 MP: 0/14
  8420 | D:9      | Reached skill level 7 in Short Blades
  9249 | D:9      | Learned a level 3 spell: Regeneration
  9253 | D:9      | Learned a level 3 spell: Conjure Flame
  9273 | D:9      | Reached skill level 8 in Short Blades
  9782 | D:10     | Entered Level 10 of the Dungeon
 10107 | D:10     | Found a staircase to the Lair.
 10112 | D:10     | Reached XP level 11. HP: 71/86 MP: 1/17
 11233 | D:11     | Identified the ring "Wun Esyck" {Ice MR- Str+3 Int+7 Slay+3}
 11343 | D:11     | Noticed a two-headed ogre
 11376 | D:11     | Killed a two-headed ogre
 11376 | D:11     | Reached skill level 9 in Short Blades
 11401 | D:11     | Reached ** piety under Ashenzari
 11451 | D:11     | Killed an unseen horror
 11708 | D:11     | Reached skill level 5 in Spellcasting
 12078 | Lair:1   | Entered Level 1 of the Lair of Beasts
 12392 | Lair:1   | Identified Sif Muna's Disquisition on the Noxious Traveller
 12463 | Lair:1   | Noticed a six-headed hydra
 12470 | Lair:1   | Slain by a six-headed hydra

Vault maps used:
D:1:      dpeg_arrival_orchard
D:2:      nicolae_overflow_crystal_walls, chequers_ecumenical_altar_simple
D:3:      fedhas_altar_2
D:4:      nemelex_xobeh_ov_fountains_minmay, first_ration,
          corexii_item_surrounded_by_moat, uniq_crazy_yiuf_cottage, uniq_natasha
D:6:      kennysheep_little_box, minmay_temple_entry_glass,
          kennysheep_flooded_box, tso_metal_star
D:7:      grunt_temple_overflow_open, basic_altar, serial_shops, shop,
          enter_bailey_3, uniq_pikel, uniq_duvessa
D:8:      gammafunk_temple_overflow_statue, grunt_ogre_cave,
          trog_eyes_of_draining
D:10:     grunt_lair_entry_orc_guard_hut
D:11:     wad_dig_loot
Temple:   nicolae_temple_figure_eight
Lair:1:   grunt_megastairs_5, lemuel_fruit_fields, serial_bayou_shore_a
Bailey:   bailey_polearm_2, bailey

Skill      XL: |  1  2  3  4  5  6  7  8  9 10 11 |
---------------+----------------------------------+-----
Fighting       | 1 2 3 4 5 6 8 |  8.9
Necromancy     | 5 6 7 8 |  8.0
Stealth        | 2 3 |  3.3
Short Blades   | 1 3 5 6 8 9 |  9.6
Dodging        | 3 4 5 6 7 |  7.2
Evocations     | 4 5 |  5.3
Spellcasting   | 4 5 |  5.3
Conjurations   | |  0.4
Fire Magic     | |  0.3

Action                   |  1- 3 |  4- 6 |  7- 9 | 10-12 || total
-------------------------+-------+-------+-------+-------++-------
Melee: Short sword       |    20 |   113 |   213 |   413 ||   759
       Kick              |       |       |    23 |   105 ||   128
       Headbutt          |       |       |    12 |    64 ||    76
Throw: Stone             |     7 |     1 |     2 |       ||    10
 Cast: Pain              |    56 |    61 |    24 |    14 ||   155
       Animate Skeleton  |     8 |    21 |    10 |    21 ||    60
       Vampiric Draining |       |     7 |    27 |    65 ||    99
       Animate Dead      |       |       |    10 |     8 ||    18
       Flame Tongue      |       |       |     1 |     2 ||     3
       Regeneration      |       |       |       |     8 ||     8
       Conjure Flame     |       |       |       |     1 ||     1
Invok: Curse Item        |       |       |     1 |       ||     1
Evoke: Wand              |       |       |    16 |    13 ||    29
  Use: Scroll            |       |     6 |     2 |     5 ||    13
       Potion            |       |     1 |     2 |     1 ||     4
 Stab: Distracted        |     1 |     1 |     2 |     2 ||     6
       Sleeping          |       |     2 |     8 |     7 ||    17
  Eat: Ration            |     1 |       |     3 |     2 ||     6
       Chunk             |     1 |     9 |    11 |    14 ||    35
Armor: Robe              |     5 |    52 |    73 |    81 ||   211
Dodge: Dodged            |    10 |   112 |   139 |   271 ||   532

Table legend:
 A = Spawn XP
 B = Non-spawn XP
 C = Spawn XP percentage of total XP
 D = Spawn monster count
 E = Non-spawn monster count
 F = Spawn count percentage of total count
 G = Total turns spent on level
                    A         B        C        D         E        F      G
               +---------+---------+-------+---------+---------+-------+---------
         Total |       0 |   17951 |   0.0 |       0 |     266 |   0.0 | 12470
               +---------+---------+-------+---------+---------+-------+---------
           D:1 |       0 |      27 |   0.0 |       0 |      12 |   0.0 |  1532
           D:2 |       0 |     132 |   0.0 |       0 |      26 |   0.0 |   698
           D:3 |       0 |     124 |   0.0 |       0 |      21 |   0.0 |   725
           D:4 |       0 |     305 |   0.0 |       0 |      18 |   0.0 |   810
           D:5 |       0 |     233 |   0.0 |       0 |      12 |   0.0 |   973
           D:6 |       0 |     289 |   0.0 |       0 |      16 |   0.0 |   715
           D:7 |       0 |    2318 |   0.0 |       0 |      23 |   0.0 |  1301
           D:8 |       0 |    2400 |   0.0 |       0 |      22 |   0.0 |  1181
           D:9 |       0 |    4598 |   0.0 |       0 |      56 |   0.0 |  1661
          D:10 |       0 |    2597 |   0.0 |       0 |      31 |   0.0 |  1204
          D:11 |       0 |    3182 |   0.0 |       0 |      21 |   0.0 |   842
        Lair:1 |       0 |    1746 |   0.0 |       0 |       8 |   0.0 |   392
               +---------+---------+-------+---------+---------+-------+---------
